 Dungeon Crawl Stone Soup version 0.30-a0-605-gb2882149bf (webtiles) character file.

Game seed: 6278929131980529504

6 OTABOTABOTAB the Chiller (level 1, 0/13 HPs)
             Began as a Merfolk Ice Elementalist on Jan 8, 2023.
             Killed from afar by a dart slug (3 damage)
             ... with a slug dart
             ... on level 1 of the Dungeon.
             The game lasted 00:00:46 (142 turns).

OTABOTABOTAB the Chiller (Merfolk Ice Elementalist)  Turns: 142, Time: 00:00:47

Health: 0/13       AC:  2    Str:  8    XL:     1   Next: 90%
Magic:  0/3        EV: 13    Int: 14    God:
Gold:   0          SH:  0    Dex: 14    Spells: 3/4 levels left

rFire   . . .      SeeInvis .    (no weapon)
rCold   . . .      Faith    .    (no shield)
rNeg    . . .      Spirit   .    a - +0 robe
rPois   .          Reflect  .    (no helmet)
rElec   .          Harm     .    (no cloak)
rCorr   .          Rampage  .    (no gloves)
Will    .....                    (no boots)
Stlth   ++                       (no amulet)
HPRegen 0.22/turn                (no ring)
MPRegen 0.08/turn                (no ring)

@: no status effects
A: (nimble swimmer 2), mertail
a: no special abilities


You were on level 1 of the Dungeon.
You visited 1 branch of the dungeon, and saw 1 of its levels.

Inventory:

Missiles
 b - 4 curare-tipped darts
Armour
 a - a +0 robe (worn)
Potions
 M - a potion of magic


   Skills:
 + Level 3.0 Dodging
 - Level 2.1 Stealth
 + Level 2.1 Spellcasting
 + Level 4.5 Ice Magic


You had 3 spell levels left.
You knew the following spells:

 Your Spells              Type           Power      Damage    Failure   Level
a - Freeze                Ice            56%        1d7       3%          1

Your spell library contained the following spells:

 Spells                   Type           Power      Damage    Failure   Level
 Frozen Ramparts          Ice            28%        1d5       11%         3
 Ozocubu's Armour         Ice            14%        N/A       11%         3
 Summon Ice Beast         Ice/Summ       7%         N/A       67%         4


Dungeon Overview and Level Annotations

Branches:
Dungeon (1/15)

Altars:


Innate Abilities, Weirdness & Mutations

((You are very nimble when in or above water. (Stealth+, EV+, Speed+++)))
Your lower body shifts to a powerful aquatic tail in water.


Message History

Bad channel name for runrest: 'Jiyva says: Divide and consume' Welcome, OTABOTABOTAB the Merfolk Ice Elementalist.
Will you be the one to retrieve the legendary Orb of Zot from the depths?
Found a staircase leading out of the dungeon.
There is a staircase leading out of the dungeon here.
A bat comes into view.
A bat is nearby!
Aim: a bat (asleep)
You freeze the bat.
You kill the bat!
You now have 2/3 mp.
b - 4 curare-tipped darts MP restored: 3 A goblin comes into view.
It is wielding a +0 dagger.
A goblin is nearby!
A quokka comes into view.
The goblin shouts!
A goblin comes into view.
It is wielding a +0 dagger. 2 endoplasms come into view.
The goblin hits you but does no damage.
Aim: a goblin, wielding a +0 dagger You freeze the goblin.
The endoplasm quivers.
The goblin shouts!
The goblin hits you but does no damage.
You now have 2/3 mp.
Aim: a goblin, wielding a +0 dagger (severely wounded)
You freeze the goblin.
You kill the goblin!
You now have 1/3 mp.
Aim: an endoplasm You freeze the endoplasm!
You kill the endoplasm!
You now have 0/3 mp.
You don't have enough magic to cast this spell.
You hit the goblin but do no damage. The goblin hits you but does no damage.
You hit the goblin. The goblin completely misses you.
Aim: a goblin, wielding a +0 dagger (heavily wounded)
You freeze the goblin.
You kill the goblin!
You now have 0/3 mp.
You barely miss the quokka. The quokka bites you.
The quokka bites you but does no damage.
You take 5 damage, and have 8/13 hp.
MASSIVE DAMAGE!!
The quokka attacks as you move away! The quokka barely misses you.
A rat comes into view.
A dart slug comes into view.
The quokka attacks as you move away! The quokka bites you.
You take 1 damage, and have 7/13 hp.
The quokka barely misses you. The quokka attacks as you move away!
The quokka barely misses you. The quokka attacks as you move away!
The quokka misses you. The quokka barely misses you.
Aim: a quokka You freeze the quokka.
You kill the quokka!
Your Dodging skill increases to level 3!
You now have 0/3 mp.
The endoplasm attacks as you move away! The endoplasm hits you.
You take 1 damage, and have 8/13 hp.
The endoplasm attacks as you move away! The endoplasm barely misses you.
The endoplasm attacks as you move away! The endoplasm barely misses you.
The endoplasm attacks as you move away! The endoplasm hits you.
You take 1 damage, and have 8/13 hp.
The endoplasm attacks as you move away! The endoplasm hits you.
You take 2 damage, and have 6/13 hp.
Aim: an endoplasm You freeze the endoplasm.
The endoplasm misses you.
You now have 0/3 mp.
The endoplasm attacks as you move away! The endoplasm closely misses you.
The dart slug launches a dart at you. The slug dart hits you.
You take 3 damage, and have 4/13 hp.
MASSIVE DAMAGE!!
The endoplasm attacks as you move away! The endoplasm hits you.
* * * LOW HITPOINT WARNING * * *
The endoplasm jiggles.
You take 1 damage, and have 3/13 hp.
The endoplasm attacks as you move away! The endoplasm hits you.
* * * LOW HITPOINT WARNING * * *
You take 1 damage, and have 2/13 hp.
The endoplasm attacks as you move away! The endoplasm closely misses you.
The endoplasm attacks as you move away! The endoplasm misses you.
Aim: an endoplasm (lightly wounded)
You freeze the endoplasm.
You kill the endoplasm!
The dart slug launches a dart at you. The slug dart hits you.
You die...

############### ###
.#...##......##..
#..##.##...#.#..# ..
###..#..#.#..#†.#...#.#.
#..# #.##..##.##.........
.## ..#.#..#...#..#...#..
#.#.###.##.#.#..##...#...
##..###.#.#..#...#..#.....
#<###..##@##......##..w...
#.#...#.##.#...#......^...
##.######.#...#..##.##....
###.#...#.w#...#....)....
###.#.###.##..†.#)#...#...
#..##.#.#...#....##....# .
##..##..#.##....#....#...#
#..#..#.##...#............
##########################


You could see a dart slug.

Vanquished Creatures
  2 endoplasms (D:1)
  2 goblins (D:1)
  A quokka (D:1)
  A bat (D:1)
6 creatures vanquished.

Notes
Turn   | Place    | Note
-------+----------+-------------------------------------------
     0 | D:1      | OTABOTABOTAB the Merfolk Ice Elementalist began the quest
                  | for the Orb.
     0 | D:1      | Reached XP level 1. HP: 13/13 MP: 3/3
   118 | D:1      | Reached skill level 3 in Dodging
   136 | D:1      | HP: 2/13 [endoplasm (2)]
   142 | D:1      | Killed from afar by a dart slug

Illustrated notes

Levels and vault maps discovered:
D:1:      erik_arrival_cave_to_civilisation [erik_arrival_cave_to_temple],
          layout_rooms, dreamdust_ecumenical_altar_statues

Skill      XL: |  1 |
---------------+----+-----
Dodging        | 3 |  3.0
Stealth        | |  2.1
Spellcasting   | |  2.1
Ice Magic      | |  4.5

Action                   || total
-------------------------++-------
Melee: Unarmed           ||     3
 Cast: Freeze            ||     8
Armor: Robe              ||     4
Dodge: Dodged            ||    12

Table legend: (Time is in decaauts)
 A = Elapsed time spent in this place.
 B = Non-inter-level travel time spent in this place.
 C = Inter-level travel time spent in this place.
 D = Time resting spent in this place.
 E = Time spent auto-exploring this place.
 F = Levels seen in this place.
 G = Mean time per level.
                   A        B        C        D        E       F      G
               +--------+--------+--------+--------+--------+-----+--------+
         Total |    142 |    142 |      0 |      0 |     81 |   1 |  142.0 |
       Dungeon |    142 |    142 |      0 |      0 |     81 |   1 |  142.0 |
               +--------+--------+--------+--------+--------+-----+--------+

Top non-repeatable levels by time:
     D:1: 142 daAuts

Table legend:
 A = Kills in this place as a percentage of kills in entire the game.
 B = Kills by you in this place as a percentage of kills by you in the entire game.
 C = Kills by friends in this place as a percentage of kills by friends in the entire game.
 D = Other kills in this place as a percentage of other kills in the entire game.
 E = Experience gained in this place as a percentage of experience gained in the entire game.
 F = Experience gained in this place divided by the number of levels of this place that you have seen.
                   A       B       C       D       E      F
               +-------+-------+-------+-------+-------+----------------------
         Total | 100.0 | 100.0 |   N/A |   N/A | 100.0 |  11.0
       Dungeon | 100.0 | 100.0 |   N/A |   N/A | 100.0 |  11.0
               +-------+-------+-------+-------+-------+----------------------
